 Dungeon Crawl Stone Soup version 0.31-a0-654-gbe3e110b4e (webtiles) character file.

Game seed: 4698564946189283847

68 AiryTheDragon the Stinger (level 4, -4/30 HPs)
             Began as a Demonspawn Venom Mage on Aug 30, 2023.
             Slain by a gnoll
             ... wielding a +0 flail
             ... led by a gnoll bouda
              (5 damage)
             ... on level 3 of the Dungeon.
             The game lasted 00:19:00 (1867 turns).

AiryTheDragon the Stinger (Demonspawn Venom Mage)   Turns: 1867, Time: 00:19:10

Health: -4/30      AC:  3    Str:  9 (10) XL:     4   Next: 1%
Magic:  0/7        EV:  6    Int: 16 (17) God:
Gold:   172        SH:  0    Dex: 10 (13) Spells: 3/7 levels left

rFire   . . .        c - +0 war axe
rCold   . . .        (no shield)
rNeg    . . .        a - +0 robe
rPois   .            p - +0 helmet
rElec   .            (no cloak)
rCorr   .            (no gloves)
SInv    .            (no boots)
Will    .....        (no amulet)
Stlth   ++           n - ring of flight
HPRegen 0.00/turn    (no ring)
MPRegen 0.10/turn

%: no passive effects
@: flying, very slightly contaminated, held, inhibited regen
A: demonic guardian 1, sturdy frame 1, inhibited regeneration, wild magic 1
a: no special abilities


You were on level 3 of the Dungeon.
You visited 1 branch of the dungeon, and saw 3 of its levels.

You collected 172 gold pieces.

Inventory:

Hand Weapons
 c - a +0 war axe (weapon)
 o - a +0 broad axe
Missiles
 i - 5 poisoned darts
Armour
 a - a +0 robe (worn)
 k - a +0 ring mail
 p - a +0 helmet (worn)
Jewellery
 n - a ring of flight (left hand)
Scrolls
 e - 2 scrolls of amnesia {unknown}
 f - a scroll of noise {unknown}
 l - 2 scrolls of immolation {unknown}
 q - a scroll of teleportation {unknown}
Potions
 b - a potion of magic
 h - a potion of lignification {unknown}
 j - a potion of attraction {unknown}
 m - a potion of might {unknown}


   Skills:
 + Level 0.2 Fighting
 + Level 0.7 Axes
 + Level 2.2 Dodging
 + Level 2.2 Stealth
 + Level 2.4 Spellcasting
 + Level 1.3 Transmutations
 + Level 3.6 Poison Magic


You had 3 spell levels left.
You knew the following spells:

 Your Spells              Type           Power      Damage    Failure   Level
a - Sting                 Tmut/Pois      48%        1d5       11%         1
b - Mephitic Cloud        Conj/Pois/Air  7%         N/A       45%         3

Your spell library contained the following spells:

 Spells                   Type           Power      Damage    Failure   Level
 Poisonous Vapours        Pois/Air       20%        N/A       21%         2
 Slow                     Hex            8%         N/A       28%         1
 Confusing Touch          Hex            2%         N/A       61%         3
 Vampiric Draining        Necr           2%         2d6       61%         3
 Olgreb's Toxic Radiance  Pois           17%        N/A       50%         4


Dungeon Overview and Level Annotations

Branches:
Dungeon (3/15)

Altars:
Ru


Innate Abilities, Weirdness & Mutations

A weak demonic guardian rushes to your aid.
Your movements are slightly less encumbered by armour. (ER -2)
You do not regenerate when monsters are visible.
Your spells are a little harder to cast, but a little more powerful.


Message History

You hear a shout!
The gnoll closely misses you.
Casting: Sting (safe; 8% risk of failure)
Confirm with . or Enter, or press ? or * to list all spells.
Aiming: Sting (safe; 8% risk of failure)
Press: ? - help, Shift-Dir - straight line, f/p - gnoll
Aim: a gnoll, wielding a +0 halberd (lightly wounded, covering ground quickly, poisoned, 72% to hit)
The sting hits the gnoll.
The gnoll looks even sicker.
The gnoll is moderately wounded.
A gnoll comes into view. It is wielding a +0 whip.
A gnoll comes into view. It is wielding a +0 spear.
The gnoll barely misses you.
Casting: Sting (safe; 8% risk of failure)
Confirm with . or Enter, or press ? or * to list all spells.
Aiming: Sting (safe; 8% risk of failure)
Press: ? - help, Shift-Dir - straight line, f/p - gnoll
Aim: a gnoll, wielding a +0 halberd (moderately wounded, covering ground quickly, very poisoned, 72% to hit)
The sting hits the gnoll.
The gnoll looks even sicker.
The gnoll is heavily wounded.
The gnoll hits you from afar with a +0 halberd.
You struggle against the net.
The gnoll hits you from afar with a +0 halberd!
Ouch! That really hurt!
* * * LOW HITPOINT WARNING * * *
A demonic guardian appears!
It was a potion of degeneration.
There was something very wrong with that liquid.
You feel weakened.
You feel dopey.
You feel clumsy.
You kill the gnoll!
You have reached level 4!
You feel clever.
Your demonic ancestry asserts itself...
You feel less encumbered by your armour.
It was a potion of mutation.
You feel extremely strange.
You occasionally lose the ability to read scrolls when taking damage.
You no longer become unable to read scrolls after taking damage.
Your regeneration stops near monsters.
You feel less in control of your magic.
The gnoll hits you from afar with a +0 spear!
* * * LOW HITPOINT WARNING * * *
The gnoll hits you with a +0 flail.
You die...

# #.###.#............
#.##..................
#.#...##.#.##.##...####
#........#.##.# ......
###...##.#.##.# ...#
#...####.##.## ..#
#...# #.##..# ...#
##### #.###5##gB..# #.#
#.@g# ###.# .# .# .# .#
.. ##


You could see 2 gnolls, a giant cockroach and a friendly shadow imp (summoned).

Vanquished Creatures
  An adder (D:3)
  A gnoll (D:3)
  3 dart slugs
  A ball python (D:1)
  4 bats
  4 endoplasms
  2 giant cockroaches
  3 goblins
  6 hobgoblins
  3 jackals (D:2)
  3 quokkas
  3 frilled lizards
  A rat (D:1)
35 creatures vanquished.

Vanquished Creatures (collateral kills)
  2 endoplasms (D:1)
2 creatures vanquished.

Grand Total: 37 creatures vanquished

Notes
Turn   | Place    | Note
-------+----------+-------------------------------------------
     0 | D:1      | AiryTheDragon the Demonspawn Venom Mage began the quest for
                  | the Orb.
     0 | D:1      | Reached XP level 1. HP: 13/13 MP: 3/3
   224 | D:1      | Gained mutation: A weak demonic guardian rushes to your
                  | aid. [demonic ancestry]
   224 | D:1      | Reached XP level 2. HP: 19/19 MP: 1/5
   549 | D:1      | Reached skill level 1 in Transmutations
  1076 | D:2      | Reached XP level 3. HP: 21/24 MP: 6/6
  1268 | D:2      | Learned a level 3 spell: Mephitic Cloud
  1734 | D:3      | Found a sacrificial altar of Ru.
  1867 | D:3      | Gained mutation: Your movements are slightly less
                  | encumbered by armour. (ER -2) [demonic ancestry]
  1867 | D:3      | Reached XP level 4. HP: 9/30 MP: 0/7
  1867 | D:3      | Gained mutation: You occasionally lose the ability to read
                  | scrolls when taking damage. [potion of mutation]
  1867 | D:3      | Lost mutation: You occasionally lose the ability to read
                  | scrolls when taking damage. [potion of mutation]
  1867 | D:3      | Gained mutation: You do not regenerate when monsters are
                  | visible. [potion of mutation]
  1867 | D:3      | Gained mutation: Your spells are a little harder to cast,
                  | but a little more powerful. [potion of mutation]
  1867 | D:3      | HP: 1/30 [gnoll/+0 spear[a gnoll bouda] (8)]
  1867 | D:3      | Slain by a gnoll

Illustrated notes

Levels and vault maps discovered:
D:1:      dpeg_arrival_erosion, layout_loops_ring,
          chequers_serial_rivers_small_3, minmay_box_of_dots
D:2:      wander_river, layout_basic
D:3:      layout_basic, nicolae_ru_awakened_eye, mainiacjoe_overflow_chevrons,
          shapermc_ecumenical_altar_mp_highgroup, uniq_crazy_yiuf_cottage,
          uniq_terence

Skill      XL: |  1  2 |
---------------+-------+-----
Dodging        | 2 |  2.2
Transmutations | 1 |  1.3
Stealth        | 2 |  2.2
Fighting       | |  0.2
Axes           | |  0.7
Spellcasting   | |  2.4
Poison Magic   | |  3.6

Action                     |  1- 3 |  4- 6 || total
---------------------------+-------+-------++-------
  Melee: War axe           |    60 |       ||    60
         Unarmed           |     4 |       ||     4
   Cast: Sting             |    42 |       ||    42
    Use: Potion            |     1 |     1 ||     2
   Stab: Sleeping          |    10 |       ||    10
 Armour: Robe              |    15 |       ||    15
  Dodge: Dodged            |    62 |       ||    62

Table legend: (Time is in decaauts)
 A = Elapsed time spent in this place.
 B = Non-inter-level travel time spent in this place.
 C = Inter-level travel time spent in this place.
 D = Time resting spent in this place.
 E = Time spent auto-exploring this place.
 F = Levels seen in this place.
 G = Mean time per level.
                   A        B        C        D        E       F      G
               +--------+--------+--------+--------+--------+-----+--------+
         Total |   1906 |   1818 |     88 |      0 |   1463 |   3 |  635.3 |
       Dungeon |   1906 |   1818 |     88 |      0 |   1463 |   3 |  635.3 |
               +--------+--------+--------+--------+--------+-----+--------+

Top non-repeatable levels by time:
     D:1: 1017 daAuts
     D:2: 754 daAuts
     D:3: 133 daAuts
